 Dungeon Crawl Stone Soup version 0.29-a0-414-g5075937ec3 (webtiles) character file.

Game seed: 8410046515402285288

6201 jfcaron the Prestidigitator (level 10, -9/77 HPs)
             Began as a Gnoll Artificer on May 14, 2022.
             Was a High Priest of Jiyva.
             Mangled by a five-headed hydra (11 damage)
             ... on level 1 of the Lair of Beasts on May 15, 2022.
             The game lasted 00:28:58 (10347 turns).

jfcaron the Prestidigitator (Gnoll Artificer)      Turns: 10347, Time: 00:28:59

Health: -9/77      AC: 14    Str: 17    XL:     10   Next: 91%
Magic:  18/18      EV:  7    Int: 15    God:    Jiyva [*****.]
Gold:   303        SH:  5    Dex: 13    Spells: 20/20 levels left

rFire   + . .      SeeInvis +   c - +1 broad axe (flame)
rCold   + . .      Faith    +   m - +0 buckler
rNeg    . . .      Spirit   .   J - +0 plate armour
rPois   +          Reflect  .   (helmet unavailable)
rElec   .          Harm     .   (no cloak)
rCorr   +          Rampage  .   L - +0 pair of gloves
Will    .....                   (no boots)
Stlth   ..........              z - amulet of the Oligarchy {Faith +Blink Slay+3}
HPRegen 1.66/turn               e - ring of protection from fire
MPRegen 0.61/turn               M - ring "Rykemuh" {rC+ Int+4 SInv}

@: no status effects
A: fangs 1, strong nose, distributed training, antennae 3, poison resistance,
strong 1, tendrils, noise suppression
a: Renounce Religion, Evoke Blink, Oozemancy, Slimify


You were on level 1 of the Lair of Beasts.
You worshipped Jiyva.
Jiyva was extremely pleased with you.
You visited 2 branches of the dungeon, and saw 10 of its levels.
You also visited: Sewer.

You collected 303 gold pieces.

Inventory:

Hand Weapons
 b - a +0 fustibalus of venom
 c - a +1 broad axe of flaming (weapon)
 j - a +0 demon whip of venom
 t - a +2 hand axe of flaming
 H - a +4 hunting sling of flaming
Missiles
 g - 9 poisoned darts
 C - 5 boomerangs (quivered)
 O - 3 boomerangs of dispersal
Armour
 d - +0 swamp dragon scales
 m - a +0 buckler (worn)
 J - a +0 plate armour (worn)
 L - a +0 pair of gloves (worn)
Jewellery
 e - a ring of protection from fire (left hand)
 r - a ring of protection from cold
 z - the amulet of the Oligarchy (around neck) {Faith +Blink Slay+3}
   (You found it on level 7 of the Dungeon)

   [amulet of faith]

   It allows you to gain divine favour quickly.
   Slay:      It affects your accuracy & damage with ranged weapons and melee
   (+3).
   +Blink:    It lets you blink.
 B - a ring of fire
 D - an amulet of guardian spirit
 M - the ring "Rykemuh" (right hand) {rC+ Int+4 SInv}
   (You found it on level 6 of the Dungeon)

   [ring of see invisible]

   Int:       It affects your intelligence (+4).
   rC:        It protects you from cold.
   SInv:      It lets you see invisible.
Scrolls
 a - a scroll of acquirement {unknown}
 h - a scroll of silence
 i - a scroll of amnesia
 q - 2 scrolls of fear
 s - 2 scrolls of fog
 y - 2 scrolls of enchant armour
Potions
 n - 2 potions of flight
 v - a potion of brilliance
 x - a potion of might
 F - a potion of cancellation
 G - 3 potions of haste


   Skills:
 + Level 6.3 Fighting
 + Level 5.7 Short Blades
 + Level 5.7 Long Blades
 + Level 5.7 Axes
 + Level 5.7 Maces & Flails
 + Level 5.7 Polearms
 + Level 5.7 Staves
 + Level 5.7 Slings
 + Level 5.7 Bows
 + Level 5.7 Crossbows
 + Level 5.7 Throwing
 + Level 7.4 Armour
 + Level 6.3 Dodging
 + Level 6.2 Stealth
 + Level 5.7 Shields
 + Level 5.7 Unarmed Combat
 + Level 5.7 Spellcasting
 + Level 4.7 Conjurations
 + Level 4.7 Hexes
 + Level 4.7 Summonings
 + Level 4.7 Necromancy
 + Level 4.7 Translocations
 + Level 4.7 Transmutations
 + Level 4.7 Fire Magic
 + Level 4.7 Ice Magic
 + Level 4.7 Air Magic
 + Level 4.7 Earth Magic
 + Level 4.7 Poison Magic
 + Level 6.3 Invocations
 + Level 8.8 Evocations


You had 20 spell levels left.
You didn't know any spells.
Your spell library contained the following spells:

 Spells                   Type           Power      Damage    Failure   Level
 Shock                    Conj/Air       72%        1d7       67%         1
 Swiftness                Air            18%        N/A       95%         3
 Airstrike                Air            9%         N/A       100%        4
 Blade Hands              Tmut           9%         N/A       100%        5
 Irradiate                Conj/Tmut      9%         3d16      100%        5
 Dragon Form              Tmut           9%         N/A       100%        7


Dungeon Overview and Level Annotations

Branches:
Dungeon (9/15)             Temple (0/1) D:6            Lair (1/6) D:9
    Orc (0/2) D:9           Sewer (visited)

Altars:
Beogh

Shops:
D:7 (   D:9 (


Innate Abilities, Weirdness & Mutations

You have very sharp teeth.
Your uncanny sense of smell can sniff out nearby items.
Your experience applies equally to all skills.
You have a pair of large antennae on your head. (SInv)
Your system is resistant to poisons. (rPois)
Your muscles are strong. (Str +2)
You are covered in slimy tendrils that may disarm your opponents.
You passively dampen the noise of your surroundings.


Message History

The boomerang hits the eight-headed hydra!
The eight-headed hydra is moderately wounded.
You slice one of the eight-headed hydra's heads off!
The flame cauterises the wound!
You slice the seven-headed hydra!! You burn the seven-headed hydra.
You bite the seven-headed hydra.
The seven-headed hydra is severely wounded.
The seven-headed hydra bites you.
The seven-headed hydra bites you but does no damage.
The seven-headed hydra bites you! The seven-headed hydra bites you.
The seven-headed hydra bites you but does no damage.
The seven-headed hydra bites you. x2
The seven-headed hydra bites you but does no damage. x2
The seven-headed hydra bites you.
The seven-headed hydra bites you but does no damage.
The seven-headed hydra bites you!
You block the seven-headed hydra's attack.
The seven-headed hydra bites you.
You hack one of the seven-headed hydra's heads off!
The flame cauterises the wound!
You hit the six-headed hydra. You burn the six-headed hydra.
The six-headed hydra is severely wounded.
The six-headed hydra bites you. The six-headed hydra bites you!
The six-headed hydra bites you.
* * * LOW HITPOINT WARNING * * *
The six-headed hydra bites you but does no damage.
The six-headed hydra bites you.
* * * LOW HITPOINT WARNING * * *
You block the six-headed hydra's attack.
Unknown command.
You chop one of the six-headed hydra's heads off!
The flame cauterises the wound!
You slash the five-headed hydra! You burn the five-headed hydra.
The five-headed hydra is almost dead.
The five-headed hydra bites you but does no damage.
The five-headed hydra misses you. The five-headed hydra bites you!
* * * LOW HITPOINT WARNING * * *
The five-headed hydra bites you!
* * * LOW HITPOINT WARNING * * *
The five-headed hydra bites you!
You die...

#....... .......# ...#
#......# ...# P......#
...## #......## ....##P
#....... .......
.......##### .......
......<##..######......#
#.........[.....@D.....#
#...#######............#
#.. #............. #.
#............# #
#............#
#............#
#.#########..# ..# P..
..#


You could see a five-headed hydra.

Vanquished Creatures
  A boulder beetle (D:8)
  Amaemon (D:8)
  Maurice (D:9)
  Joseph (D:7)
  An orange demon (D:8)
  Maggie (D:8)
  A troll (D:9)
  2 wyverns
  Grum (D:8)
  Eustachio (D:4)
  A steam dragon (D:8)
  2 water moccasins
  2 black bears
  3 ice beasts
  3 orc warriors (D:9)
  6 wolves
  A phantom (D:7)
  4 centaurs
  2 kobold brigands
  A necrophage (D:6)
  4 bullfrogs
  12 wights
  4 killer bees (D:7)
  An electric eel (D:9)
  5 hounds
  7 orc priests
  18 jellies
  3 iguanas
  Jessica (D:2)
  8 orc wizards
  Natasha (thrice) (D:2)
  3 gnolls (D:5)
  6 adders
  A river rat (Sewer)
  A shadow imp (D:6)
  2 ufetubi (D:6)
  2 worms (D:2)
  A dart slug (D:5)
  41 orcs
  6 bats
  16 endoplasms
  5 giant cockroaches
  5 goblins
  7 hobgoblins
  7 jackals
  8 quokkas
  9 ball pythons
  4 frilled lizards
  16 kobolds
  8 rats
  8 demonic plants (D:1)
  8 fungi (D:1)
  2 plants (D:1)
  5 withered plants (D:1)
273 creatures vanquished.

Notes
Turn   | Place    | Note
-------+----------+-------------------------------------------
     0 | D:1      | jfcaron the Gnoll Artificer began the quest for the Orb.
     0 | D:1      | Reached XP level 1. HP: 17/17 MP: 1/1
   275 | D:1      | Found a faded altar of an unknown god.
   303 | D:1      | HP: 3/17 [goblin/+0 club (3)]
   305 | D:1      | Reached XP level 2. HP: 4/23 MP: 2/2
   960 | D:1      | You fall into a shaft and drop 1 floor!
  1345 | D:1      | Reached XP level 3. HP: 28/28 MP: 3/3
  1832 | D:2      | Noticed Jessica
  1833 | D:2      | Killed Jessica
  1834 | D:2      | Reached skill level 1 in Short Blades
  1834 | D:2      | Reached skill level 1 in Long Blades
  1834 | D:2      | Reached skill level 1 in Axes
  1834 | D:2      | Reached skill level 1 in Maces & Flails
  1834 | D:2      | Reached skill level 1 in Polearms
  1834 | D:2      | Reached skill level 1 in Staves
  1834 | D:2      | Reached skill level 1 in Slings
  1834 | D:2      | Reached skill level 1 in Bows
  1834 | D:2      | Reached skill level 1 in Crossbows
  1834 | D:2      | Reached skill level 1 in Throwing
  1834 | D:2      | Reached skill level 1 in Shields
  1834 | D:2      | Reached skill level 1 in Unarmed Combat
  1834 | D:2      | Reached skill level 1 in Spellcasting
  1834 | D:2      | Reached skill level 1 in Invocations
  1834 | D:2      | Reached XP level 4. HP: 34/34 MP: 5/5
  2354 | D:2      | Noticed Natasha
  2361 | D:2      | Killed Natasha
  2362 | D:2      | Reached skill level 1 in Conjurations
  2362 | D:2      | Reached skill level 1 in Hexes
  2362 | D:2      | Reached skill level 1 in Summonings
  2362 | D:2      | Reached skill level 1 in Necromancy
  2362 | D:2      | Reached skill level 1 in Translocations
  2362 | D:2      | Reached skill level 1 in Transmutations
  2362 | D:2      | Reached skill level 1 in Fire Magic
  2362 | D:2      | Reached skill level 1 in Ice Magic
  2362 | D:2      | Reached skill level 1 in Air Magic
  2362 | D:2      | Reached skill level 1 in Earth Magic
  2362 | D:2      | Reached skill level 1 in Poison Magic
  2548 | D:2      | Reached XP level 5. HP: 26/40 MP: 6/6
  2759 | D:2      | Noticed Natasha
  2771 | D:2      | Killed Natasha
  2788 | D:2      | Noticed Natasha
  2794 | D:2      | Killed Natasha
  3345 | D:3      | HP: 6/41 [orc priest/+2 short sword of speed (6)]
  3351 | D:3      | Reached XP level 6. HP: 8/47 MP: 8/8
  3379 | D:2      | HP: 9/47 [orc/+0 club (1)]
  4547 | D:4      | Noticed Eustachio
  4558 | D:4      | Noticed a black bear
  4559 | D:4      | Killed Eustachio
  4560 | D:4      | Reached skill level 5 in Armour
  4570 | D:4      | Killed a black bear
  4571 | D:4      | Reached skill level 7 in Evocations
  4571 | D:4      | Reached XP level 7. HP: 28/52 MP: 5/10
  5388 | D:5      | Entered Level 5 of the Dungeon
  5422 | D:5      | Found a glowing drain.
  5443 | Sewer    | Entered a sewer
  5721 | Sewer    | Found a viscous altar of Jiyva.
  5856 | Sewer    | Became a worshipper of Jiyva Juock the Shapeless
  6633 | D:5      | Reached * piety under Jiyva
  6724 | D:5      | Reached XP level 8. HP: 57/60 MP: 12/12
  7510 | D:6      | Identified the ring "Rykemuh" {rC+ Int+4 SInv}
  7591 | D:6      | Reached ** piety under Jiyva
  7636 | D:6      | Found a staircase to the Ecumenical Temple.
  8188 | D:7      | HP: 11/61 [killer bee (4)]
  8193 | D:7      | HP: 11/91 [poisoned by a killer bee]
  8198 | D:7      | HP: 14/136 [poisoned by a killer bee]
  8332 | D:7      | Reached XP level 9. HP: 46/66 MP: 14/14
  8366 | D:7      | Found Sylourheo's Antique Weapon Shop.
  8401 | D:7      | Noticed Joseph
  8412 | D:7      | Identified the amulet of the Oligarchy {Faith +Blink
                  | Slay+3}
  8444 | D:7      | Killed Joseph
  8615 | D:7      | Reached *** piety under Jiyva
  8684 | D:7      | Reached skill level 5 in Fighting
  8684 | D:7      | Reached skill level 5 in Dodging
  8702 | D:7      | Gained mutation: You passively dampen the noise of your
                  | surroundings. [Jiyva's grace]
  8702 | D:7      | Gained mutation: Your muscles are strong. (Str +2) [Jiyva's
                  | grace]
  8702 | D:7      | Gained mutation: Your muscles are very strong. (Str +4)
                  | [Jiyva's grace]
  8702 | D:7      | Gained mutation: You are covered in slimy tendrils that may
                  | disarm your opponents. [Jiyva's grace]
  8811 | D:7      | Upgraded the game from 0.29-a0-409-gd843f3a48c to
                  | 0.29-a0-414-g5075937ec3
  8970 | D:8      | Noticed a boulder beetle
  8987 | D:8      | Reached skill level 5 in Stealth
  9001 | D:8      | Killed a boulder beetle
  9002 | D:8      | Reached skill level 5 in Invocations
  9002 | D:8      | Reached skill level 8 in Evocations
  9002 | D:8      | Noticed Maggie
  9024 | D:8      | Killed Maggie
  9025 | D:8      | Reached XP level 10. HP: 74/74 MP: 17/17
  9296 | D:8      | Noticed Grum
  9306 | D:8      | Reached skill level 5 in Short Blades
  9306 | D:8      | Reached skill level 5 in Long Blades
  9306 | D:8      | Reached skill level 5 in Axes
  9306 | D:8      | Reached skill level 5 in Maces & Flails
  9306 | D:8      | Reached skill level 5 in Polearms
  9306 | D:8      | Reached skill level 5 in Staves
  9306 | D:8      | Reached skill level 5 in Slings
  9306 | D:8      | Reached skill level 5 in Bows
  9306 | D:8      | Reached skill level 5 in Crossbows
  9306 | D:8      | Reached skill level 5 in Throwing
  9306 | D:8      | Reached skill level 5 in Shields
  9306 | D:8      | Reached skill level 5 in Unarmed Combat
  9306 | D:8      | Reached skill level 5 in Spellcasting
  9309 | D:8      | Killed Grum
  9424 | D:8      | Reached **** piety under Jiyva
  9427 | D:8      | Noticed an orange demon
  9431 | D:8      | Noticed Amaemon
  9447 | D:8      | Killed an orange demon
  9466 | D:8      | Killed Amaemon
  9815 | D:9      | Found Sacuc's Weapon Shoppe.
  9904 | D:9      | HP: 15/76 [troll (9)]
 10161 | D:9      | Found a staircase to the Lair.
 10193 | D:9      | Found a staircase to the Orcish Mines.
 10207 | D:9      | Killed Maurice
 10327 | Lair:1   | Entered Level 1 of the Lair of Beasts
 10327 | Lair:1   | Reached ***** piety under Jiyva
 10333 | Lair:1   | Lost mutation: Your muscles are very strong. (Str +4)
                  | [Jiyva's grace]
 10333 | Lair:1   | Gained mutation: You have a pair of small antennae on your
                  | head. [Jiyva's grace]
 10333 | Lair:1   | Gained mutation: You have a pair of antennae on your head.
                  | [Jiyva's grace]
 10333 | Lair:1   | Gained mutation: You have a pair of large antennae on your
                  | head. (SInv) [Jiyva's grace]
 10333 | Lair:1   | Gained mutation: Your system is resistant to poisons.
                  | (rPois) [Jiyva's grace]
 10340 | Lair:1   | Noticed an eight-headed hydra
 10347 | Lair:1   | HP: 11/77 [five-headed hydra (8)]
 10347 | Lair:1   | HP: 2/77 [five-headed hydra (9)]
 10347 | Lair:1   | Mangled by a five-headed hydra

Illustrated notes

Levels and vault maps discovered:
D:1:      lemuel_arrival_rhombus, layout_loops_ring,
          shapermc_ecumenical_altar_gd
D:2:      layout_loops_ring, minmay_misc_feat_roman, kennysheep_small_spiral,
          uniq_jessica, uniq_natasha
D:3:      layout_loops_cross, nicolae_concentric_dashed_squares_mild
D:4:      layout_rooms, minmay_misc_feat_cross, uniq_eustachio
D:5:      nicolae_cairo_tiling_very_big, layout_gridville, gup_sewer_entry_pipe
D:6:      layout_cave_pods, minmay_temple_entry_fiery
D:7:      layout_cave_pools, serial_shops, nicolae_shop_crystal, uniq_joseph
D:8:      layout_cave_pools, serial_rivers, chequers_serial_rivers_micro_c,
          chequers_serial_rivers_micro_d, chequers_serial_rivers_small_b,
          chequers_serial_rivers_marsh, chequers_serial_rivers_small_b,
          chequers_serial_rivers_small_a, dreamdust_wishing_well, uniq_amaemon,
          uniq_grum, uniq_maggie
D:9:      layout_roguey, erik_lair_island, david_orc_5, serial_shops, shop,
          uniq_maurice
Lair:1:   layout_chaotic_city, nicolae_lair_grazing_beasts
          [nicolae_sub_lair_graze_edge, nicolae_sub_lair_graze_edge,
          nicolae_sub_lair_graze_edge, nicolae_sub_lair_graze_edge], uniq_harold

Skill      XL: |  1  2  3  4  5  6  7  8  9 10 |
---------------+-------------------------------+-----
Short Blades   | 1 2 3 4 5 |  5.7
Long Blades    | 1 2 3 4 5 |  5.7
Axes           | 1 2 3 4 5 |  5.7
Maces & Flails | 1 2 3 4 5 |  5.7
Polearms       | 1 2 3 4 5 |  5.7
Staves         | 1 2 3 4 5 |  5.7
Slings         | 1 2 3 4 5 |  5.7
Bows           | 1 2 3 4 5 |  5.7
Crossbows      | 1 2 3 4 5 |  5.7
Throwing       | 1 2 3 4 5 |  5.7
Shields        | 1 2 3 4 5 |  5.7
Unarmed Combat | 1 2 3 4 5 |  5.7
Spellcasting   | 1 2 3 4 5 |  5.7
Invocations    | 1 2 3 4 5 6 |  6.3
Conjurations   | 1 2 3 4 |  4.7
Hexes          | 1 2 3 4 |  4.7
Summonings     | 1 2 3 4 |  4.7
Necromancy     | 1 2 3 4 |  4.7
Translocations | 1 2 3 4 |  4.7
Transmutations | 1 2 3 4 |  4.7
Fire Magic     | 1 2 3 4 |  4.7
Ice Magic      | 1 2 3 4 |  4.7
Air Magic      | 1 2 3 4 |  4.7
Earth Magic    | 1 2 3 4 |  4.7
Poison Magic   | 1 2 3 4 |  4.7
Fighting       | 3 4 5 6 |  6.3
Dodging        | 3 4 5 6 |  6.3
Stealth        | 3 4 5 6 |  6.2
Armour         | 5 6 7 |  7.4
Evocations     | 7 8 |  8.8

Action                   |  1- 3 |  4- 6 |  7- 9 | 10-12 || total
-------------------------+-------+-------+-------+-------++-------
Melee: Club              |    22 |       |       |       ||    22
       Bite              |     7 |    16 |    25 |    13 ||    61
       Punch             |     1 |       |       |       ||     1
       Dagger            |    68 |       |       |       ||    68
       Spear             |    22 |   168 |   171 |       ||   361
       Rapier            |       |       |    70 |       ||    70
       Hand axe          |       |       |    74 |       ||    74
       Broad axe         |       |       |     7 |   136 ||   143
 Fire: Fustibalus        |       |    26 |   128 |       ||   154
Throw: Stone             |    25 |    33 |    23 |       ||    81
       Dart              |       |     2 |    25 |     8 ||    35
       Boomerang         |       |       |     1 |    10 ||    11
Invok: Oozemancy         |       |       |       |     1 ||     1
Evoke: Wand              |     7 |     6 |     3 |       ||    16
  Use: Scroll            |       |     7 |     6 |       ||    13
       Potion            |       |       |     6 |     3 ||     9
 Stab: Invisible         |       |       |       |     1 ||     1
Armor: Leather armour    |    26 |       |       |       ||    26
       Chain mail        |    11 |   108 |    76 |       ||   195
       Plate armour      |       |       |   267 |   128 ||   395
       Skin              |       |       |    17 |       ||    17
Dodge: Dodged            |    82 |    63 |   116 |    66 ||   327
Block: Buckler           |     5 |    34 |   116 |    47 ||   202

Table legend: (Time is in decaauts)
 A = Elapsed time spent in this place.
 B = Non-inter-level travel time spent in this place.
 C = Inter-level travel time spent in this place.
 D = Time resting spent in this place.
 E = Time spent auto-exploring this place.
 F = Levels seen in this place.
 G = Mean time per level.
                   A        B        C        D        E       F      G
               +--------+--------+--------+--------+--------+-----+--------+
         Total |  10628 |  10151 |    477 |   2067 |   5828 |  11 |  966.2 |
       Dungeon |   9880 |   9403 |    477 |   1767 |   5643 |   9 | 1097.8 |
          Lair |     20 |     20 |      0 |      0 |     10 |   1 |   20.0 |
         Sewer |    728 |    728 |      0 |    300 |    174 |   1 |  728.0 |
               +--------+--------+--------+--------+--------+-----+--------+

Top non-repeatable levels by time:
     D:2: 1992 daAuts
     D:1: 1598 daAuts
     D:4: 1393 daAuts
     D:6: 939 daAuts
     D:5: 891 daAuts
     D:8: 867 daAuts
     D:3: 861 daAuts
   Sewer: 728 daAuts
     D:9: 682 daAuts
     D:7: 655 daAuts
  Lair:1: 20 daAuts
